AoeStats
← bwhauf

Arabia

504161822Analyzed
1v1 RM · 27d ago on Sep 4, 2026· 22m 27s· 2 players
Game mode
Random Map
Map size
Tiny (2 player)
Population
200
Speed
Normal
Resources
Standard
Victory
Conquest
Starting age
Dark Age
Ending age
Imperial Age
RankedLock teamsTeams togetherTeam positionsShared explorationLock speedFull tech treeHidden civsTurbo modeCheats
Victory
Defeat
🇨🇦 Mongols · Canada
1712
+11
🇺🇸 Mongols · United States
1605
-11
LetsGOGOGO
6:52 Loom
8:51 Feudal Age
16:05 Castle Age
15:35 Double-Bit Axe
19:08 Town Watch
21:07 Fletching
bwhauf
5:23 Loom
8:56 Feudal Age
9:53 Double-Bit Axe
20:08 Castle Age
20:48 Fletching
22:19 Bodkin Arrow
Connection lost

Rejoining the realm…

Still unreachable

The connection could not be restored.

Session expired

The server has moved on; the page needs a fresh start.